 Dungeon Crawl Stone Soup version 0.27.0-1-g7a089689b8 (webtiles) character file.

Game seed: 2029998312881447548

11841 ZombieSheep the Fighter (level 11, -1/76 HPs)
             Began as a Gargoyle Berserker on Aug 9, 2021.
             Was a High Priest of Trog.
             Slain by a yak (11 damage)
             ... on level 2 of the Lair of Beasts.
             The game lasted 00:26:10 (13144 turns).

ZombieSheep the Fighter (Gargoyle Berserker)       Turns: 13144, Time: 00:26:11

Health: -1/76      AC: 19    Str: 21    XL:     11   Next: 84%
Magic:  0/11       EV: 13    Int:  8    God:    Trog [*****.]
Gold:   600        SH:  5    Dex: 12    Spells: 10/10 levels left

rFire    . . .     SeeInvis +   a - +1 flail (venom)
rCold    . . .     Faith    .   u - +0 buckler
rNeg     + . .     Spirit   +   x - +0 steam dragon scales
rPois    ∞         Reflect  .   g - +1 helmet
rElec    +         Harm     .   p - +0 cloak
rCorr    +         Rampage  .   f - +0 pair of gloves
Will     .....                  (no boots)
Stlth    +.........             d - amulet of guardian spirit
HPRegen  0.22/turn              m - ring of see invisible
MPRegen  0.12/turn              t - ring of resist corrosion

@: mighty, marked, on berserk cooldown, hasted and slowed
A: sickness immunity, AC +8, negative energy resistance 1, electricity
resistance, torment resistance 1, petrification resistance
a: Renounce Religion, Berserk, Trog's Hand, Brothers in Arms


You were on level 2 of the Lair of Beasts.
You worshipped Trog.
Trog was extremely pleased with you.
You visited 2 branches of the dungeon, and saw 12 of its levels.

You collected 600 gold pieces.

Inventory:

Hand Weapons
 a - a +1 flail of venom (weapon)
 b - a +2 morningstar of protection
 I - a +3 flail
Missiles
 E - a throwing net (quivered)
Armour
 f - a +0 pair of gloves (worn)
 g - a +1 helmet (worn)
 p - a +0 cloak (worn)
 r - a +0 tower shield
 u - a +0 buckler (worn)
 x - +0 steam dragon scales (worn)
Jewellery
 d - an amulet of guardian spirit (around neck)
 h - an amulet of reflection
 m - a ring of see invisible (left hand)
 t - a ring of resist corrosion (right hand)
 w - a +4 ring of evasion
Wands
 c - a wand of charming (10)
 q - a wand of acid (5)
 H - a wand of paralysis (3)
Scrolls
 l - 2 scrolls of fear
 o - 3 scrolls of enchant weapon
 y - a scroll of holy word
 F - 2 scrolls of blinking
 J - a scroll of identify
Potions
 i - a potion of cancellation
 j - 2 potions of might
 k - 3 potions of heal wounds
 s - a potion of magic
 v - a potion of brilliance
 z - a potion of flight
 A - 2 potions of mutation
 D - a potion of resistance
 G - 5 potions of lignification


   Skills:
 + Level 12.4 Fighting
 + Level 11.4 Maces & Flails
 - Level 6.3 Armour
 - Level 5.1 Dodging
 - Level 4.0 Shields
 * Level 3.1 Evocations


You had 10 spell levels left.
You didn't know any spells.
Your spell library was empty.

Dungeon Overview and Level Annotations

Branches:
Dungeon (10/15)            Temple (0/1) D:5            Lair (1/6) D:10
    Orc (0/2) D:10

Altars:
Cheibriados
Dithmenos
Gozag
Hepliaklqana
Makhleb
Qazlal
Sif Muna
Wu Jian
The Shining One

Shops:
D:10 [

Annotations:
D:3 Sigmund
D:5 1 runed translucent door, trckry's ghost, novice HuWn
D:8 2 transporters, Ekaitz's ghost, novice TeAE
Lair:1 1 transporter
Lair:2 Harold


Innate Abilities, Weirdness & Mutations

You are immune to sickness and miasma.
Your stone body is resilient. (AC +8)
You are immune to poison.
You resist negative energy. (rN+)
You are resistant to electric shocks. (rElec)
You are resistant to unholy torment.
You are immune to petrification.


Message History

The water moccasin barely misses you. The rime drake bites you.
The yak barely misses you.
The water moccasin bites you but does no damage.
You barely miss the rime drake.
The rime drake is almost dead.
The rime drake bites you. The water moccasin closely misses you.
The yak gores you!
* * * LOW HITPOINT WARNING * * *
You sock the rime drake!
You kill the rime drake!
Trog accepts your kill.
The boulder beetle curls into a ball and begins rolling!
You block the water moccasin's attack.
Your Evocations skill increases to level 3!
You barely miss the yak. The yak closely misses you.
You block the yak's attack. The water moccasin closely misses you.
You bludgeon the yak!!
The yak looks as sick as possible!
The yak is heavily wounded.
The ice encasing you melts away. You block the water moccasin's attack.
The yak misses you. The yak closely misses you.
The boulder beetle stops rolling and uncurls.
You closely miss the yak.
The yak is heavily wounded.
The water moccasin bites you but does no damage.
The yak gores you!
* * * LOW HITPOINT WARNING * * *
The yak closely misses you.
You sock the yak!
The yak looks as sick as possible!
The yak is severely wounded.
The water moccasin barely misses you. You block the yak's attack.
You sock the yak!
You kill the yak!
Trog accepts your kill. The water moccasin barely misses you.
The water moccasin bites you but does no damage.
You sock the yak!
The yak is poisoned.
The yak is moderately wounded.
The yak gores you!
You die...

### ######@#####
.PP....#...YYYSY..#
............#Y@Y(.#
...........#B#....#
...$.........#....#
.$............(...#
.......$..........#
...S..............#
..S...............#


You could see a boulder beetle, Harold, 6 yaks and a water moccasin.

Vanquished Creatures
  3 death yaks
  Pikel (D:7)
  An oklob plant (Lair:1)
  Maggie (D:7)
  A cane toad (Lair:1)
  An unseen horror (D:10)
  A komodo dragon (shapeshifter) (D:9)
  A rime drake (Lair:2)
  A kobold demonologist (D:5)
  Eustachio (D:5)
  A wraith (D:10)
  4 wyverns
  10 yaks
  3 steam dragons
  An acid dragon (D:8)
  5 water moccasins
  An ice beast (D:8)
  4 orc warriors
  A black bear (D:4)
  2 ogres (D:5)
  5 centaurs
  2 phantoms (D:10)
  4 kobold brigands
  4 bullfrogs
  A water moccasin zombie (D:6)
  2 gnoll sergeants
  A scorpion (D:4)
  A troll zombie (D:10)
  6 killer bees (D:8)
  3 howler monkeys
  9 wights
  A centaur zombie (D:9)
  Crazy Yiuf (D:3)
  A bullfrog skeleton (D:5)
  6 orc priests
  4 hounds
  Terence (D:3)
  A hell rat (D:10)
  4 iguanas
  11 orc wizards
  A killer bee zombie (D:6)
  5 ogre zombies (D:10)
  A howler monkey zombie (D:7)
  12 gnolls
  9 adders
  2 river rats (D:10)
  A shadow imp (D:7)
  4 white imps
  An ufetubus (D:6)
  3 dart slugs
  39 orcs
  3 bats (D:3)
  9 endoplasms
  A giant cockroach (D:4)
  9 hobgoblins
  2 jackals (D:2)
  7 quokkas
  6 ball pythons
  A frilled lizard (D:1)
  13 goblins
  A goblin skeleton (D:10)
  2 goblin zombies (D:10)
  A hobgoblin skeleton (D:10)
  A hobgoblin zombie (D:10)
  A jackal skeleton (D:4)
  21 kobolds
  14 orc zombies (D:10)
  4 rats
286 creatures vanquished.

Vanquished Creatures (others)
  A gnoll (D:10)
  A fungus (D:3)
2 creatures vanquished.

Grand Total: 288 creatures vanquished

Notes
Turn   | Place    | Note
-------+----------+-------------------------------------------
     0 | D:1      | ZombieSheep the Gargoyle Berserker began the quest for the
                  | Orb.
     0 | D:1      | Reached XP level 1. HP: 14/14 MP: 1/1
    30 | D:1      | Found a faded altar of an unknown god.
   206 | D:1      | Reached XP level 2. HP: 19/19 MP: 2/2
   876 | D:2      | Found a shadowy altar of Dithmenos.
   943 | D:2      | Reached skill level 4 in Fighting
   943 | D:2      | Reached XP level 3. HP: 22/24 MP: 3/3
  1704 | D:3      | Noticed Terence
  1719 | D:3      | Killed Terence
  1720 | D:3      | Reached XP level 4. HP: 30/30 MP: 4/4
  1872 | D:3      | Noticed Sigmund
  2162 | D:3      | Reached ** piety under Trog
  2602 | D:3      | Found a runed translucent door.
  2603 | D:3      | Noticed Crazy Yiuf
  2612 | D:3      | Killed Crazy Yiuf
  2613 | D:3      | Reached skill level 5 in Fighting
  2613 | D:3      | Reached XP level 5. HP: 29/35 MP: 1/5
  3269 | D:4      | Reached skill level 5 in Maces & Flails
  3272 | D:4      | Reached XP level 6. HP: 35/41 MP: 3/6
  3410 | D:4      | Reached skill level 6 in Fighting
  4203 | D:4      | Noticed a black bear
  4217 | D:4      | Killed a black bear
  4218 | D:4      | Reached XP level 7. HP: 47/47 MP: 4/7
  4619 | D:4      | Found a snail-covered altar of Cheibriados.
  4751 | D:4      | Reached skill level 7 in Fighting
  4903 | D:5      | Entered Level 5 of the Dungeon
  4989 | D:5      | Found a runed translucent door.
  4989 | D:5      | Noticed trckry's ghost (novice HuWn)
  5064 | D:5      | Found a staircase to the Ecumenical Temple.
  5144 | D:5      | Reached *** piety under Trog
  5145 | D:5      | Reached XP level 8. HP: 41/53 MP: 4/8
  5458 | D:5      | Noticed a kobold demonologist
  5475 | D:5      | Reached skill level 1 in Shields
  5479 | D:5      | Noticed a sixfirhy
  5479 | D:5      | Killed a kobold demonologist
  5480 | D:5      | Reached skill level 8 in Fighting
  5663 | D:5      | Found an ornate altar of the Wu Jian Council.
  5669 | D:5      | Found a glowing golden altar of the Shining One.
  5917 | D:5      | Identified the +0 leather armour of Hedge Wizardry {Drain
                  | Fly Int+2}
  6078 | D:5      | Noticed Eustachio
  6144 | D:5      | Killed Eustachio
  6716 | D:6      | Reached XP level 9. HP: 60/60 MP: 9/9
  6756 | D:6      | Identified the +3 falchion of Hairy Purpose {freeze, rF+
                  | Int+9}
  7114 | D:6      | Reached skill level 9 in Fighting
  7644 | D:7      | Reached **** piety under Trog
  7959 | D:7      | Noticed Maggie
  7970 | D:7      | Killed Maggie
  8053 | D:7      | Noticed Pikel
  8074 | D:7      | Killed Pikel
  8075 | D:7      | Reached skill level 10 in Fighting
  8075 | D:7      | Reached skill level 5 in Armour
  8411 | D:7      | Found a hazy altar of Hepliaklqana.
  8541 | D:8      | Found a transporter.
  8541 | D:8      | Noticed a two-headed ogre
  8541 | D:8      | Noticed Ekaitz's ghost (novice TeAE)
  8550 | D:8      | Reached XP level 10. HP: 68/68 MP: 8/10
  8610 | D:8      | Found a transporter.
 10134 | D:9      | Reached skill level 10 in Maces & Flails
 10182 | D:9      | Reached ***** piety under Trog
 10194 | D:9      | Reached skill level 11 in Fighting
 10365 | D:9      | Found an opulent altar of Gozag.
 10507 | D:9      | Found a burning altar of Makhleb.
 10507 | D:9      | Found a shimmering blue altar of Sif Muna.
 10884 | D:10     | Entered Level 10 of the Dungeon
 10988 | D:10     | Reached XP level 11. HP: 71/74 MP: 9/11
 11268 | D:10     | Found a staircase to the Orcish Mines.
 11416 | D:10     | Noticed a death yak
 11416 | D:10     | Noticed a death yak
 11426 | D:10     | Noticed a death yak
 11429 | D:10     | Killed a death yak
 11441 | D:10     | Killed a death yak
 11685 | D:10     | Reached skill level 12 in Fighting
 11689 | D:10     | Found a stormy altar of Qazlal.
 11700 | D:10     | Identified the +10 hunting sling of the Grey Skies {speed,
                  | Will- Int+3 Stlth+}
 11918 | D:10     | Found Wucwoy's Armour Shop.
 11995 | D:9      | Killed a death yak
 11996 | D:9      | Reached skill level 5 in Dodging
 12376 | D:10     | Found a staircase to the Lair.
 12601 | Lair:1   | Entered Level 1 of the Lair of Beasts
 12601 | Lair:1   | Noticed an oklob plant
 12742 | Lair:1   | Killed an oklob plant
 12743 | Lair:1   | Reached skill level 1 in Evocations
 13040 | Lair:1   | Found a transporter.
 13049 | Lair:1   | You fall into a shaft and drop 1 floor!
 13058 | Lair:2   | Noticed Harold
 13070 | Lair:2   | Noticed a boulder beetle
 13126 | Lair:2   | Received a gift from Trog
 13144 | Lair:2   | Slain by a yak

Illustrated notes

Levels and vault maps discovered:
D:1:      giann_horns, layout_loops_ring,
          shapermc_ecumenical_altar_starsandcircs
D:2:      kennysheep_big_flooded_room, layout_basic, basic_altar
D:3:      layout_loops_corners, uniq_crazy_yiuf_cottage, uniq_sigmund,
          uniq_terence
D:4:      minmay_chambers_of_fours, layout_basic, lemuel_round_altar
D:5:      corexii_shantytown, layout_loops_ring, grunt_temple_overflow_open,
          minmay_temple_entry_poolview, hellmonk_ghost_happy_afterlife,
          uniq_eustachio
D:6:      layout_basic, hangedman_decor_diamond_cutter, minmay_fractal_squares_5
D:7:      layout_basic, nzn_hepliaklqana_mist_gate, uniq_pikel, uniq_maggie
D:8:      layout_rooms, gammafunk_ghost_smash, minmay_misc_feat_square
D:9:      layout_cross, mainiacjoe_overflow_paths, jmf_multi_god_temple
D:10:     layout_irregular_city, nicolae_qazlal_scattered_showers,
          dpeg_lair_monsters, zombieorc1_lemuel, serial_shops, shop,
          due_unseen_surprise
Lair:1:   gammafunk_worm_tunnel, layout_cave_pods, nzn_ghost_randoct,
          minmay_hedge_maze, roderic_batcave
Lair:2:   layout_hall_layers, special_room [special_room_bee],
          lemuel_altar_in_water2, grunt_megastairs_3, uniq_harold

Skill      XL: |  1  2  3  4  5  6  7  8  9 10 11 |
---------------+----------------------------------+-----
Fighting       | 4 5 6 7 8 10 11 12 | 12.4
Maces & Flails | 4 5 6 8 9 10 11 | 11.4
Shields        | 4 |  4.0
Armour         | 5 6 |  6.3
Dodging        | 3 5 |  5.1
Evocations     | 3 |  3.1

Action                   |  1- 3 |  4- 6 |  7- 9 | 10-12 || total
-------------------------+-------+-------+-------+-------++-------
Melee: Mace              |    72 |   144 |   240 |       ||   456
       Flail             |       |       |   137 |   544 ||   681
       Morningstar       |       |       |       |     2 ||     2
Invok: Berserk           |     1 |     6 |     6 |     5 ||    18
       Trog's Hand       |       |       |       |     1 ||     1
Evoke: Wand              |       |       |       |     1 ||     1
  Use: Scroll            |     6 |       |    13 |     7 ||    26
       Potion            |       |       |       |     2 ||     2
 Stab: Sleeping          |       |       |       |     1 ||     1
Armor: Leather armour    |    36 |       |       |       ||    36
       Scale mail        |     3 |    77 |   175 |       ||   255
       Steam dragon scal |       |       |     2 |   189 ||   191
Dodge: Dodged            |    46 |    97 |   166 |   287 ||   596
Block: Buckler           |       |       |    32 |   114 ||   146
